 Dungeon Crawl Stone Soup version 0.29.1-12-g30fa7ad0bf (webtiles) character file.

Game seed: 18245426563570240661

51 GeoRichter the Conjurer (level 3, -2/24 HPs)
             Began as a Demonspawn Wanderer on Dec 24, 2022.
             Slain by a worm (10 damage)
             ... on level 2 of the Dungeon.
             The game lasted 00:03:04 (1599 turns).

GeoRichter the Conjurer (Demonspawn Wanderer)       Turns: 1599, Time: 00:03:05

Health: -2/24      AC:  3    Str:  9    XL:     3   Next: 58%
Magic:  4/7        EV: 12    Int: 20    God:
Gold:   26         SH:  5    Dex: 12    Spells: 3/7 levels left

rFire   . . .      SeeInvis .   a - +0 dagger
rCold   . . .      Faith    .   (no shield)
rNeg    . . .      Spirit   .   c - +0 robe
rPois   .          Reflect  +   (no helmet)
rElec   .          Harm     .   (no cloak)
rCorr   .          Rampage  .   d - +0 pair of gloves
Will    .....                   (no boots)
Stlth   ++........              l - amulet of reflection
HPRegen 0.08/turn               (no ring)
MPRegen 0.10/turn               (no ring)

@: no status effects
A: thin skeletal structure 1, demonic touch 1
a: no special abilities


You were on level 2 of the Dungeon.
You visited 1 branch of the dungeon, and saw 2 of its levels.

You collected 26 gold pieces.

Inventory:

Hand Weapons
 a - a +0 dagger (weapon)
Armour
 c - a +0 robe (worn)
 d - a +0 pair of gloves (worn)
Jewellery
 l - an amulet of reflection (around neck)
   (You found it on level 2 of the Dungeon)
Scrolls
 b - 2 scrolls of teleportation {@r4}
 e - a scroll of amnesia {unknown}
 g - 2 scrolls of noise {unknown}
 h - a scroll of immolation {unknown}
 k - 2 scrolls of poison {unknown}
 m - a scroll of vulnerability {unknown}
Potions
 f - a potion of flight {unknown}
 i - a potion of brilliance {unknown}


   Skills:
 - Level 1.0 Throwing
 - Level 1.7 Dodging
 + Level 2.6 Spellcasting
 - Level 3.0 Conjurations
 * Level 2.7 Ice Magic
 - Level 1.0 Evocations


You had 3 spell levels left.
You knew the following spells:

 Your Spells              Type           Power      Damage    Failure   Level
a - Freeze                Ice            52%        1d7       4%          1
b - Frozen Ramparts       Ice            26%        1d4       14%         3

Your spell library contained the following spells:

 Spells                   Type           Power      Damage    Failure   Level
 Magic Dart               Conj           56%        1d5       4%          1
 Shock                    Conj/Air       32%        1d5       9%          1
 Poisonous Vapours        Pois/Air       4%         N/A       22%         2
 Conjure Flame            Conj/Fire      8%         6-21      24%         3
 Mephitic Cloud           Conj/Pois/Air  6%         N/A       30%         3
 Swiftness                Air            2%         N/A       41%         3
 Airstrike                Air            1%         2d(1-17)  83%         4
 Corpse Rot               Necr/Pois/Air  2%         N/A       83%         4


Dungeon Overview and Level Annotations

Branches:
Dungeon (2/15) Zot: 10400

Altars:


Innate Abilities, Weirdness & Mutations

You have a somewhat thin skeletal structure. (Dex +2, Stealth+)
Your touch may inflict minor irresistible damage on your foes.


Message History

You are frozen.
Aim: an endoplasm (almost dead)
You freeze the endoplasm.
You kill the endoplasm!
Aim: an endoplasm You freeze the endoplasm.
You kill the endoplasm!
You can't see any susceptible monsters within range! (Use Z to cast anyway.) Unknown command.
Things that are here:
a +0 short sword; a kobold corpse
m - a scroll labelled WONWUOLULA A goblin comes into view.
It is wielding a +0 club.
Found a stone staircase leading up.
A goblin is nearby!
The goblin shouts!
An adder comes into view.
Aim: a goblin, wielding a +0 club You freeze the goblin.
The adder hisses angrily.
The goblin hits you with a +0 club.
Aim: a goblin, wielding a +0 club (severely wounded)
You freeze the goblin.
You kill the goblin!
The adder barely misses you.
A worm comes into view.
Aim: an adder You freeze the adder.
The adder seems to slow down.
You block the adder's attack.
Aim: an adder (heavily wounded, slow)
You freeze the adder.
Aim: an adder (severely wounded, slow)
You freeze the adder.
You kill the adder!
The worm closely misses you.
You hit the worm. You barely miss the worm.
You touch the worm.
You block the worm's attack.
You barely miss the worm. You hit the worm but do no damage.
Your touch misses the worm. The worm bites you!
You hit the worm.
You touch the worm!
The worm bites you!
* * * LOW HITPOINT WARNING * * *
Throw: dart (poison)
Aim: a worm (almost dead, 76% to hit)
You throw a poisoned dart. The poisoned dart hits the worm.
The worm is poisoned.
Unknown command.
The worm looks more healthy.
The worm bites you!
You die...

#...............#.........#...
#...............####....#.#.
#..................#....#.#
#.......<...............#.#
##........................
.......................
...#.###...#...........
.....###.w.#.w.........
.........####.@........
.........#####....##...
......).(..........#.#
...................#
........<............
##...................#
##...............#...
.................#..#
..........#....


You could see a worm.

Vanquished Creatures
  2 adders (D:2)
  A worm (D:2)
  A dart slug (D:1)
  6 endoplasms
  2 giant cockroaches
  3 goblins
  2 hobgoblins (D:1)
  A quokka (D:2)
  3 ball pythons
  A bat (D:1)
  A frilled lizard (D:2)
  A kobold (D:2)
  3 rats (D:1)
27 creatures vanquished.

Notes
Turn   | Place    | Note
-------+----------+-------------------------------------------
     0 | D:1      | GeoRichter the Demonspawn Wanderer began the quest for the
                  | Orb.
     0 | D:1      | GeoRichter set off with the following items: a +0 dagger, a
                  | scroll of teleportation {@r4}, a +0 robe, a +0 pair of
                  | gloves; and the following spells available to memorise:
                  | Magic Dart, Freeze, Conjure Flame, Frozen Ramparts,
                  | Mephitic Cloud.
     0 | D:1      | Reached XP level 1. HP: 13/13 MP: 3/3
     2 | D:1      | Learned a level 1 spell: Freeze
   440 | D:1      | Gained mutation: Your touch may inflict minor irresistible
                  | damage on your foes. [demonic ancestry]
   440 | D:1      | Reached XP level 2. HP: 11/19 MP: 0/5
  1343 | D:2      | Gained mutation: You have a somewhat thin skeletal
                  | structure. (Dex +2, Stealth+) [demonic ancestry]
  1343 | D:2      | Reached XP level 3. HP: 23/24 MP: 2/6
  1418 | D:2      | Learned a level 3 spell: Frozen Ramparts
  1599 | D:2      | Slain by a worm

Illustrated notes

Levels and vault maps discovered:
D:1:      minmay_arrival_shattered_statue, layout_basic, wad_floor_pattern_2
D:2:      layout_basic, dreamdust_ecumenical_altar_statues

Skill      XL: |  1  2 |
---------------+-------+-----
Ice Magic      | 2 |  2.7
Throwing       | |  1.0
Dodging        | |  1.7
Spellcasting   | |  2.6
Conjurations   | |  3.0
Evocations     | |  1.0

Action                   || total
-------------------------++-------
Melee: Dagger            ||    17
       Touch             ||     3
Throw: Dart              ||     3
 Cast: Freeze            ||    57
 Stab: Sleeping          ||     1
Armor: Robe              ||     8
Dodge: Dodged            ||    32
Block: Other             ||     2
